 Dungeon Crawl Stone Soup version 0.30-b1-2-g02819fbbbe (webtiles) character file.

Game seed: 6561249793397663196

352 snakesoul the Magician (level 6, -3/40 HPs)
             Began as a Djinni Venom Mage on June 4, 2023.
             Was an Initiate of Ashenzari.
             Slain by a centaur (5 damage)
             ... on level 3 of the Dungeon.
             The game lasted 00:05:55 (3523 turns).

snakesoul the Magician (Djinni Venom Mage)          Turns: 3523, Time: 00:05:55

Health: -3/40      AC:  3    Str:  7    XL:     6   Next: 93%
Gold:   217        EV: 12    Int: 19    God:    Ashenzari [......] SH:  0 Dex: 13

rFire   + + .        e - +5 quarterstaff
rCold   x . .        (shield currently unavailable)
rNeg    . . .        a - +0 robe
rPois   ∞            (no helmet)
rElec   .            (no cloak)
rCorr   .            o - +0 pair of gloves
SInv    .            (boots unavailable)
Will    .....        (no amulet)
Stlth   ++           (no ring)
HPRegen 0.26/turn    (no ring)
MPRegen 0.00/turn

%: infuse magic (-4 HP)
@: brilliant, flying
A: sickness immunity, fire resistance 2, cold vulnerability 1, float, innate
caster, HP casting, extra vitality 1
a: Renounce Religion, Curse Item


You were on level 3 of the Dungeon.
You worshipped Ashenzari.
Ashenzari was noncommittal.
You visited 1 branch of the dungeon, and saw 4 of its levels.

You collected 217 gold pieces.

Inventory:

Hand Weapons
 e - a +5 quarterstaff (weapon)
Armour
 a - a +0 robe (worn)
 o - a +0 pair of gloves (worn)
Scrolls
 b - 2 scrolls of teleportation {unknown}
 c - 4 scrolls of identify {unknown}
 g - a scroll of amnesia {unknown}
 h - a scroll of torment {unknown}
 j - a scroll of butterflies {unknown}
 l - 2 scrolls of fear {unknown}
 m - 2 scrolls of immolation {unknown}
 n - a scroll of noise {unknown}
Potions
 d - a potion of ambrosia {unknown}
 f - a potion of curing {unknown}
 i - a potion of lignification {unknown}
 k - a potion of experience {unknown}
 p - a potion of brilliance


   Skills:
 - Level 2.1 Dodging
 - Level 1.5 Stealth
 + Level 5.5 Spellcasting


You knew the following spells:

 Your Spells              Type           Power      Damage    Failure   Level
a - Sting                 Tmut/Pois      100%       1d8       1%          1
b - Poisonous Vapours     Pois/Air       78%        N/A       1%          2
c - Mephitic Cloud        Conj/Pois/Air  39%        N/A       3%          3
d - Olgreb's Toxic Radia  Pois           39%        N/A       12%         4
e - Slow                  Hex            100%       N/A       1%          1
f - Ensorcelled Hibernat  Hex/Ice        78%        N/A       1%          2
Your spell library was empty.

Dungeon Overview and Level Annotations

Branches:
Dungeon (4/15)
 Temple: D:4-7

Altars:
Ashenzari


Innate Abilities, Weirdness & Mutations

You are immune to sickness and miasma.
You are immune to poison.
Your flesh is very heat resistant. (rF++)
You are vulnerable to cold. (rC-)
You float through the air rather than walking.
You learn spells naturally, not from books.
Your magical power is your life essence.
You have superior vitality. (+4 MHP)


Message History

The centaur kicks you. The goblin hits you but does no damage.
Unknown command.
Casting: Ensorcelled Hibernation (safe; 1% risk of failure)
Confirm with . or Enter, or press ? or * to list all spells.
Aiming: Ensorcelled Hibernation (safe; 1% risk of failure)
Press: ? - help, Shift-Dir - straight line, f/p - centaur
Aim: a centaur, quivering stones (chance to affect: 57%)
The centaur looks drowsy...
The goblin hits you but does no damage.
Casting: Ensorcelled Hibernation (safe; 1% risk of failure)
Confirm with . or Enter, or press ? or * to list all spells.
Aiming: Sting (safe; 1% risk of failure)
Press: ? - help, Shift-Dir - straight line, f - goblin, p - centaur
Aim: a goblin, wielding a +0 club (72% to hit)
The sting hits the goblin.
The goblin is poisoned.
The goblin is severely wounded.
The centaur shouts!
The centaur hits you.
* * * LOW HITPOINT WARNING * * *
The centaur closely misses you. The centaur barely misses you.
The centaur kicks you.
* * * LOW HITPOINT WARNING * * *
The goblin closely misses you.
Casting: Sting (safe; 1% risk of failure)
Confirm with . or Enter, or press ? or * to list all spells.
Aiming: Sting (safe; 1% risk of failure)
Press: ? - help, Shift-Dir - straight line, f/p - goblin
Aim: a goblin, wielding a +0 club (severely wounded, poisoned, 72% to hit)
The sting hits the goblin.
The goblin looks even sicker.
You kill the goblin!
* * * LOW HITPOINT WARNING * * *
The centaur hits you.
* * * LOW HITPOINT WARNING * * *
The centaur misses you.
Casting: Sting (safe; 1% risk of failure)
Confirm with . or Enter, or press ? or * to list all spells.
Okay, then.
It was a potion of brilliance.
You feel clever all of a sudden. The centaur hits you.
You die...

##### #...# ..#.####
.......# ##########
.......####......).#
#...............@#.#
##.....####[##.c.#.#
#.#...# #.###.##.#
#.###.# #.#...##.#
##+###.# ##..<.....#
.......# #......####
.....### #.#.......#
......## #.#..#.##.#
.......###....#.##.#


You could see a centaur.

Vanquished Creatures
  A black bear (D:4)
  An ogre (D:4)
  A hound (D:4)
  An orc wizard (D:3)
  7 adders
  A worm (D:1)
  2 dart slugs
  4 orcs
  5 endoplasms
  A giant cockroach (D:1)
  8 goblins
  6 hobgoblins
  3 quokkas
  8 ball pythons
  2 bats (D:1)
  2 frilled lizards (D:2)
  6 kobolds
  A rat (D:3)
60 creatures vanquished.

Notes
Turn   | Place    | Note
-------+----------+-------------------------------------------
     0 | D:1      | snakesoul the Djinni Venom Mage began the quest for the
                  | Orb.
     0 | D:1      | snakesoul set off with the following spells memorised:
                  | Sting, Poisonous Vapours, Mephitic Cloud, Olgreb's Toxic
                  | Radiance.
     0 | D:1      | Reached XP level 1. HP: 15/15 MP: 0/0
   316 | D:1      | Reached XP level 2. HP: 14/21 MP: 0/0
   487 | D:1      | Found a faded altar of an unknown god.
   528 | D:1      | Reached skill level 3 in Spellcasting
   789 | D:1      | Reached XP level 3. HP: 11/25 MP: 0/0
   789 | D:1      | Learned a level 1 spell: Slow
  1349 | D:2      | Reached XP level 4. HP: 29/31 MP: 0/0
  1807 | D:3      | Reached skill level 4 in Spellcasting
  1889 | D:2      | Reached XP level 5. HP: 29/35 MP: 0/0
  1889 | D:2      | Learned a level 2 spell: Ensorcelled Hibernation
  2063 | D:3      | Found a broken altar of Ashenzari.
  2067 | D:3      | Became a worshipper of Ashenzari the Shackled
  2690 | D:4      | Noticed an ogre
  2694 | D:4      | Noticed a centaur
  2929 | D:4      | Noticed a black bear
  2966 | D:4      | Killed a black bear
  2967 | D:4      | Reached skill level 5 in Spellcasting
  2967 | D:4      | Reached XP level 6. HP: 16/40 MP: 0/0
  3086 | D:4      | Noticed an ogre
  3095 | D:4      | Killed an ogre
  3522 | D:3      | HP: 2/40 [centaur (5)]
  3523 | D:3      | Slain by a centaur

Illustrated notes

Levels and vault maps discovered:
D:1:      nagdon_arrival_zigzag_paths, layout_basic,
          hellmonk_ecumenical_altar_leap_of_faith, amcnicky_mini_pool_small,
          nicolae_wormholes
D:2:      layout_rooms, minmay_pentomino_u2
D:3:      layout_loops_corners, nicolae_ashenzari_skybound
D:4:      layout_basic, minmay_manual_mares

Skill      XL: |  1  2  3  4  5 |
---------------+----------------+-----
Spellcasting   | 3 4 5 |  5.5
Dodging        | |  2.1
Stealth        | |  1.5

Action                     |  1- 3 |  4- 6 || total
---------------------------+-------+-------++-------
  Melee: Quarterstaff      |       |     1 ||     1
   Cast: Sting             |    72 |    77 ||   149
         Poisonous Vapours |       |     7 ||     7
         Slow              |       |     4 ||     4
         Ensorcelled Hiber |       |     3 ||     3
    Use: Potion            |       |     1 ||     1
 Armour: Robe              |     3 |    10 ||    13
  Dodge: Dodged            |    23 |    47 ||    70
